 Dungeon Crawl Stone Soup version 0.23.2-40-g277498a (webtiles) character file.

Game seed: 5879830997056093537

4818 Fang the Fighter (level 10, -1/97 HPs)
             Began as a Gargoyle Berserker on Oct 23, 2019.
             Was an Elder of Trog.
             Slain by a troll (8 damage)
             ... on level 8 of the Dungeon.
             The game lasted 00:08:54 (8079 turns).

Fang the Fighter (Gargoyle Berserker)               Turns: 8079, Time: 00:08:55

Health: -1/97      AC: 21    Str: 29    XL:     10   Next: 48%
Magic:  10/10      EV: 10    Int:  8    God:    Trog [****..]
Gold:   477        SH:  3    Dex:  9    Spells: 9/9 levels left

rFire    . . .     SeeInvis .   a - +0 hand axe
rCold    + . .     Gourm    .   (no shield)
rNeg     + . .     Faith    .   b - +0 plate armour
rPois    ∞         Spirit   .   (no helmet)
rElec    +         Reflect  +   (no cloak)
rCorr    +         Harm     .   (no gloves)
MR       .....                  (no boots)
Stlth    ..........             y - +3 amulet of reflection
HPRegen  0.26/turn              E - ring of resist corrosion
MPRegen  0.12/turn              z - ring of protection from cold

@: berserking, starving, very quick
A: negative energy resistance 1, electricity resistance, unbreathing,
petrification resistance, rot immunity, AC +7
a: Berserk, Trog's Hand, Brothers in Arms, Renounce Religion


You were on level 8 of the Dungeon.
You worshipped Trog.
Trog was greatly pleased with you.
You were starving.

You visited 2 branches of the dungeon, and saw 10 of its levels.

You collected 513 gold pieces.
You spent 36 gold pieces at shops.

Inventory:

Hand Weapons
 a - a +0 hand axe (weapon)
Armour
 b - a +0 plate armour (worn)
Jewellery
 g - an uncursed amulet of the gourmand
 w - an uncursed amulet of rage
 y - a +3 amulet of reflection (around neck)
 z - a ring of protection from cold (right hand)
 E - a ring of resist corrosion (left hand)
Wands
 k - a wand of digging (7)
Scrolls
 e - a scroll of magic mapping {unknown}
 j - 3 scrolls of teleportation {unknown}
 m - 2 scrolls of blinking {unknown}
 n - a scroll of noise {unknown}
 o - 4 scrolls of remove curse
 p - 3 scrolls of amnesia {unknown}
 t - a scroll of fog {unknown}
 A - a scroll of random uselessness {unknown}
 B - a scroll of enchant armour {unknown}
 C - a scroll of enchant weapon {unknown}
 D - a scroll of identify {unknown}
Potions
 d - 3 potions of flight {unknown}
 f - 3 potions of curing {unknown}
 h - a potion of brilliance {unknown}
 i - 2 potions of might {unknown}
 l - 2 potions of heal wounds {unknown}
 q - a potion of lignification {unknown}
 r - a potion of magic {unknown}
 s - a potion of degeneration {unknown}
 u - a potion of invisibility {unknown}
 v - a potion of berserk rage {unknown}
Comestibles
 c - 14 rations
 x - a chunk of flesh


   Skills:
 + Level 8.9 Fighting
 + Level 7.4 Axes
 + Level 8.6 Armour
 + Level 6.5 Dodging


You had 9 spell levels left.
You didn't know any spells.
Your spell library was empty.

Dungeon Overview and Level Annotations

Branches:
Dungeon (9/15)             Temple (1/1) D:6
   Lair: D:8-11         Orc: D:9-12

Altars:
Cheibriados
Gozag
Okawaru
Sif Muna
Trog
Uskayaw
Vehumet
Xom
Yredelemnul
Zin
The Shining One

Shops:
D:8 *([(


Innate Abilities, Weirdness & Mutations

You are resistant to torment.
Your stone body is resilient. (AC +7)
You are immune to poison.
You resist negative energy. (rN+)
You are resistant to electric shocks. (rElec)
You can survive without breathing.
You are immune to petrification.
You are immune to rotting.


Message History

The troll claws you.
* * * LOW HITPOINT WARNING * * *
You climb upwards.
There is a stone staircase leading down here.
A red film seems to cover your vision as you go berserk!
You feel yourself moving faster!
You feel mighty!
You are starving!
The worker ant bites you but does no damage.
The troll bites you.
* * * LOW HITPOINT WARNING * * *
The troll claws you but does no damage. x2
You hit the troll.
The troll is lightly wounded.
Your plate armour prevents you from hitting the worker ant.
The worker ant bites you but does no damage.
You hit the troll.
The troll is lightly wounded.
You hit the worker ant but do no damage.
The troll bites you!
You die...

####### ......#
......###################
................@.......#
......#.######..Ta......#
......#.# #..........#
......#.# #..........#
......#.# #......(...#
......#.# #..........#
......#.# ####.########
......#.# ##≈≈≈.#########
......#.# #≈≈≈≈≈........#


You could see a troll and a worker ant.

Vanquished Creatures
  A two-headed ogre (D:8)
  A centaur skeleton (D:7)
  A troll (D:9)
  A hippogriff (D:7)
  Sigmund (D:2)
  A spriggan (D:7)
  A wraith (D:7)
  2 hungry ghosts
  A steam dragon (D:7)
  Menkaure (D:5)
  A water moccasin (D:8)
  A sky beast (D:7)
  An ice beast (D:7)
  A black bear (D:8)
  2 ogres
  2 centaurs
  4 bullfrogs
  A gnoll sergeant (D:7)
  2 scorpions
  4 killer bees (D:7)
  A howler monkey (D:8)
  A crimson imp (D:6)
  A bullfrog zombie (D:7)
  3 hounds
  3 jellies
  2 orc priests
  2 bullfrog skeletons
  6 orc wizards
  2 gnoll shamans
  Terence (D:2)
  2 iguanas
  7 worker ants
  A killer bee zombie (D:6)
  2 worker ant zombies (D:5)
  14 gnolls
  13 adders
  A shadow imp (D:8)
  3 oozes
  An adder zombie (D:8)
  An adder skeleton (D:6)
  A worm (D:4)
  3 dart slugs (D:2)
  3 leopard geckos
  21 orcs
  3 ball pythons
  3 bats (D:1)
  6 giant cockroaches
  10 goblins
  7 hobgoblins
  6 jackals
  2 quokkas (D:2)
  4 frilled lizards
  7 kobolds
  2 leopard gecko skeletons
  10 rats
185 creatures vanquished.

Vanquished Creatures (others)
  3 toadstools (D:5)
3 creatures vanquished.

Grand Total: 188 creatures vanquished

Notes
Turn   | Place    | Note
-------+----------+-------------------------------------------
     0 | D:1      | Fang the Gargoyle Berserker began the quest for the Orb.
     0 | D:1      | Reached XP level 1. HP: 14/14 MP: 1/1
   116 | D:1      | Reached XP level 2. HP: 18/19 MP: 2/2
   806 | D:2      | Reached XP level 3. HP: 19/23 MP: 3/3
   830 | D:2      | Reached ** piety under Trog
   913 | D:2      | Noticed Terence
   923 | D:2      | Killed Terence
   923 | D:2      | Reached XP level 4. HP: 20/29 MP: 4/4
  1095 | D:2      | Noticed Sigmund
  1106 | D:2      | Killed Sigmund
  1106 | D:2      | Reached XP level 5. HP: 34/34 MP: 5/5
  1106 | D:2      | Reached XP level 6. HP: 39/39 MP: 6/6
  1169 | D:2      | Found an opulent altar of Gozag.
  1225 | D:2      | Found a hide-covered altar of Uskayaw.
  2484 | D:4      | Found a glowing silver altar of Zin.
  2584 | D:4      | Reached skill level 5 in Fighting
  2589 | D:4      | Reached XP level 7. HP: 44/44 MP: 7/7
  2592 | D:4      | Reached *** piety under Trog
  2968 | D:5      | Entered Level 5 of the Dungeon
  3222 | D:5      | Noticed Menkaure
  3229 | D:5      | Reached skill level 5 in Armour
  3235 | D:5      | Killed Menkaure
  3235 | D:5      | Reached XP level 8. HP: 33/51 MP: 8/8
  3571 | D:5      | Found a deep blue altar of Sif Muna.
  3822 | D:5      | Reached skill level 5 in Axes
  3836 | D:5      | Reached **** piety under Trog
  5340 | D:6      | Found a staircase to the Ecumenical Temple.
  5674 | Temple   | Entered the Ecumenical Temple
  5757 | D:7      | Reached XP level 9. HP: 53/56 MP: 9/9
  5779 | D:7      | Reached skill level 5 in Dodging
  6190 | D:7      | Found a snail-covered altar of Cheibriados.
  7288 | D:7      | Reached XP level 10. HP: 55/64 MP: 10/10
  7388 | D:8      | Noticed a two-headed ogre
  7409 | D:8      | Killed a two-headed ogre
  7587 | D:8      | Found Laaps's General Store.
  7596 | D:8      | Bought a scroll of remove curse for 36 gold pieces
  7680 | D:8      | Found Wahim's Armour Shop.
  7703 | D:8      | Found Ugoeny's Antique Weapon Shop.
  7865 | D:8      | Found Nosagy's Weapon Shop.
  8025 | D:9      | Reached ***** piety under Trog
  8057 | D:9      | HP: 2/65 [troll (4)]
  8079 | D:8      | Slain by a troll

Skill      XL: |  1  2  3  4  5  6  7  8  9 10 |
---------------+-------------------------------+-----
Axes           | 3 4 5 6 7 |  7.4
Dodging        | 2 3 4 6 |  6.5
Armour         | 3 4 5 6 7 8 |  8.6
Fighting       | 4 5 6 8 |  8.9

Action                   |  1- 3 |  4- 6 |  7- 9 | 10-12 || total
-------------------------+-------+-------+-------+-------++-------
Melee: Hand axe          |    77 |   159 |   665 |   140 ||  1041
Invok: Berserk           |     2 |     4 |     5 |     3 ||    14
       Trog's Hand       |       |       |       |     1 ||     1
       Brothers in Arms  |       |       |       |     1 ||     1
  Use: Scroll            |       |       |       |     1 ||     1
  Eat: Chunk             |    11 |    11 |    19 |     5 ||    46
       Ration            |       |       |     4 |       ||     4
Armor: Animal skin       |    29 |    43 |       |       ||    72
       Plate armour      |       |    29 |   566 |   143 ||   738
Dodge: Dodged            |    58 |   126 |   287 |    75 ||   546
Block: Other             |       |       |    41 |    31 ||    72
